 Dungeon Crawl Stone Soup version 0.21.1-1-g345015f (webtiles) character file.

22 teukkam the Charmwright (level 2, 0/20 HPs)
             Began as a Gnoll Wanderer on Feb 13, 2018.
             Slain by a hobgoblin
             ... wielding a +0 club
              (2 damage)
             ... on level 3 of the Dungeon.
             The game lasted 00:03:23 (840 turns).

teukkam the Charmwright (Gnoll Wanderer)             Turns: 840, Time: 00:03:23

Health: 0/20       AC:  2    Str: 15    XL:     2   Next: 91%
Magic:  1/5        EV: 11    Int: 14    God:
Gold:   51         SH:  0    Dex: 13    Spells: 4/6 levels left

rFire    . . .     SeeInvis .   e - +0 club
rCold    . . .     Gourm    .   (no shield)
rNeg     . . .     Faith    .   d - +0 robe
rPois    .         Spirit   .   (no helmet)
rElec    .         Reflect  .   (no cloak)
rCorr    .         Harm     .   (no gloves)
MR       .....                  (no boots)
Stlth    ++........             (no amulet)
HPRegen  0.06/turn              (no ring)
MPRegen  0.09/turn              (no ring)

@: very slightly contaminated
A: distributed training, fangs 1, strong nose
a: no special abilities


You were on level 3 of the Dungeon.
You were not hungry.

You visited 1 branch of the dungeon, and saw 3 of its levels.

You collected 51 gold pieces.

Inventory:

Hand Weapons
 e - a +0 club (weapon)
 p - a +0 hunting sling of flaming
Missiles
 h - 17 bolts
 i - 63 arrows
 m - 19 poisoned needles
Armour
 d - a +0 robe (worn)
Scrolls
 g - a scroll of teleportation {unknown}
 l - a scroll of random uselessness {unknown}
 n - 3 scrolls of amnesia {unknown}
Potions
 c - a potion of curing
 j - a potion of flight {unknown}
 k - 2 potions of degeneration {unknown}
 o - a potion of invisibility {unknown}
 r - a potion of heal wounds {unknown}
Books
 a - a book of Necromancy

   Spells                             Type                      Level
   a - Pain                           Necromancy                   1
   b - Animate Skeleton               Necromancy                   1
   c - Vampiric Draining              Necromancy                   3
   d - Regeneration                   Charms/Necromancy            3
   e - Animate Dead                   Necromancy                   4
   f - Borgnjor's Vile Clutch         Necromancy/Earth             5
 b - Tiwkadyi's Catalogue of Moulding

   Spells                             Type                      Level
   a - Beastly Appendage              Transmutation                1
   b - Ignite Poison                  Fire/Transmutation/Poison    3
Comestibles
 f - 2 rations
 q - a chunk of flesh


   Skills:
 + Level 0.5 Fighting
 + Level 0.5 Short Blades
 + Level 0.5 Long Blades
 + Level 0.5 Axes
 + Level 0.5 Maces & Flails
 + Level 0.5 Polearms
 + Level 0.5 Staves
 + Level 0.5 Slings
 + Level 0.5 Bows
 + Level 0.5 Crossbows
 + Level 0.5 Throwing
 + Level 0.5 Armour
 + Level 0.5 Dodging
 + Level 2.3 Stealth
 + Level 2.5 Shields
 + Level 0.5 Unarmed Combat
 + Level 2.7 Spellcasting
 + Level 0.4 Conjurations
 + Level 0.4 Hexes
 + Level 5.4 Charms
 + Level 0.4 Summonings
 + Level 3.7 Necromancy
 + Level 0.4 Translocations
 + Level 0.4 Transmutations
 + Level 3.7 Fire Magic
 + Level 0.4 Ice Magic
 + Level 0.4 Air Magic
 + Level 0.4 Earth Magic
 + Level 0.4 Poison Magic
 + Level 0.7 Invocations
 + Level 0.5 Evocations


You had 4 spell levels left.
You knew the following spells:

 Your Spells              Type           Power        Failure   Level  Hunger
a - Animate Skeleton      Necr           N/A          4%          1    #......
b - Pain                  Necr           ##..         4%          1    #......


Dungeon Overview and Level Annotations

Branches:
Dungeon (3/15)

Altars:


Innate Abilities, Weirdness & Mutations

Your experience applies equally to all skills.
You have very sharp teeth.
Your uncanny sense of smell can sniff out nearby items.


Message History

The hobgoblin hits you with a club.
* * * LOW HITPOINT WARNING * * *
Your adder skeleton barely misses the hobgoblin.
Your adder skeleton bites the hobgoblin.
You see here a frilled lizard corpse.
Casting: Pain
Confirm with . or Enter, or press ? or * to list all spells.
You don't have enough magic to cast that spell.
You barely miss the hobgoblin.
The hobgoblin is moderately wounded.
The hobgoblin barely misses you.
Your adder skeleton barely misses the hobgoblin.
You hit the hobgoblin.
The hobgoblin is moderately wounded.
The hobgoblin misses you.
Your adder skeleton bites the hobgoblin but does no damage.
You barely miss the hobgoblin.
The hobgoblin is moderately wounded.
The hobgoblin hits you with a club.
You die...

#.......#
#.......# #.##.#
#.##.##.# .......
.# .# #.##.##.#
.. . #.##.##.#
#.##.##.#
#.......#
#.......#########
#>##....Zg......#
#.#####.##@#.##.#
#.# #.##.# #..
..##.# ###
#####.# #.# #..
###


You could see a hobgoblin and a friendly adder skeleton.

Vanquished Creatures
  An adder (D:3)
  A leopard gecko (D:1)
  2 goblins (D:1)
  A kobold (D:1)
  A frilled lizard (D:3)
  2 rats
8 creatures vanquished.

Vanquished Creatures (collateral kills)
  2 dart slugs (D:1)
  A giant cockroach (D:1)
3 creatures vanquished.

Grand Total: 11 creatures vanquished

Notes
Turn   | Place    | Note
-------+----------+-------------------------------------------
     0 | D:1      | teukkam the Gnoll Wanderer began the quest for the Orb.
     0 | D:1      | teukkam set off with: a book of Necromancy, Tiwkadyi's Catalogue of Moulding, a potion of curing, a +0 robe, a +0 club, a ration
     0 | D:1      | Reached XP level 1. HP: 13/13 MP: 4/4
    20 | D:1      | Identified Tiwkadyi's Catalogue of Moulding
    23 | D:1      | Learned a level 1 spell: Animate Skeleton
    27 | D:1      | Learned a level 1 spell: Pain
   138 | D:1      | Reached XP level 2. HP: 8/19 MP: 5/5
   840 | D:3      | Slain by a hobgoblin

Action                   || total
-------------------------++-------
Melee: Club              ||    19
       Bite              ||     3
 Cast: Pain              ||    12
       Animate Skeleton  ||     6
 Stab: Sleeping          ||     1
Armor: Robe              ||     2
Dodge: Dodged            ||    13
